Map: Catalyst LE

Players

Dessa - Winner!

  • Race: Zerg Zerg
  • League: Diamond
  • Spawn Location: 5:00

romch

  • Race: Protoss Protoss
  • League: Diamond
  • Spawn Location: 11:00

VOD

Have the link to the VOD?

Description

Time

  • Played on: Dec. 26, 2017, 11:57 a.m.
  • Length: 14:46
Show
View Real Time Build Order
Export as new Build Order

Dessa Zerg - Winner!

Build Orders: Hatch First 

Get SALT Encoding   

  12  0:01  Drone  
  13  0:13  Overlord  
  13  0:18  Drone  
  14  0:31  Drone x2  
  16  0:39  Drone  
  17  0:53  Hatchery  
  17  0:56  Drone  
  17  1:11  Spawning Pool  
  17  1:13  Extractor  
  17  1:16  Drone  
  16  1:19  Drone  
  17  1:29  Drone  
  18  1:34  Drone  
  19  1:58  Queen  
  19  1:59  Zergling x2  
  22  2:01  Overlord  
  22  2:06  Queen  
  24  2:18  Spine Crawler  
  23  2:28  Metabolic Boost  
  23  2:34  Queen  
  25  2:49  Zergling x8  
  26  3:01  Zergling x8  
  28  3:29  Queen  
  27  3:42  Spine Crawler  
  23  3:51  Zergling x2  
  23  3:52  Zergling x4  
  26  4:01  Roach Warren  
  24  4:16  Queen  
  17  5:00  Queen  
  17  5:01  Roach x3  
  17  5:02  Roach x2  
  17  5:06  Spine Crawler  
  28  5:11  Drone  
  29  5:15  Drone  
  30  5:23  Extractor  
  29  5:33  Drone  
  29  5:35  Overlord  
  26  6:10  Drone x3  
  26  6:11  Overlord  
  29  6:14  Roach x2  
  33  6:59  Hatchery  
  32  7:01  Roach  
  32  7:02  Roach x4  
  42  7:24  Ravager  
  43  7:31  Hatchery  
  29  8:01  Drone, Extractor  
  29  8:11  Drone  
  29  8:12  Drone x6  
  36  8:15  Queen  
  38  8:23  Overlord  
  38  8:24  Drone  
  39  8:30  Zergling x4  
  39  8:31  Drone  
  42  8:35  Drone  
  42  8:39  Lair  
  43  8:42  Drone  
  43  8:45  Drone  
  43  8:46  Queen  
  47  9:00  Zergling x10  
  47  9:01  Zergling x2  
  52  9:13  Drone x3  
  52  9:14  Drone  
  52  9:15  Zergling x4  
  52  9:16  Roach  
  60  9:28  Drone  
  60  9:29  Drone  
  60  9:30  Drone, Overlord x2  
  63  9:35  Glial Reconstitution  
  63  9:40  Evolution Chamber  
  63  9:41  Evolution Chamber  
  61  9:46  Drone x4  
  65  10:03  Spore Crawler  
  53  10:30  Drone x2  
  53  10:31  Drone  
  53  10:32  Spore Crawler  
  53  10:35  Spore Crawler  
  54  10:40  Drone x2  
  54  10:41  Drone, Extractor  
  54  10:42  Drone x3, Extractor  
  58  10:43  Drone x2  
  58  10:45  Drone  
  58  10:46  Hydralisk Den  
  59  11:02  Roach x4  
  59  11:03  Roach x5  
  77  11:11  Zerg Ground Armor Level 1, Zerg Missile Weapons Level 1  
  74  11:25  Drone x3  
  74  11:26  Drone x2  
  74  11:32  Pneumatized Carapace  
  74  11:33  Zergling x2  
  74  11:34  Zergling x6  
  78  11:43  Drone  
  78  11:44  Drone x3  
  78  11:46  Extractor  
  81  11:47  Overlord x2  
  81  11:48  Extractor  
  81  11:49  Zergling x4, Overlord  
  82  12:14  Zergling x2  
  82  12:15  Zergling x2  
  67  12:26  Roach x2, Zergling x2  
  67  12:27  Zergling x6, Roach x3  
  74  12:48  Roach x8  
  89  12:52  Queen  
  89  13:37  Ravager x5  
  89  13:39  Zergling x12  
  100  13:45  Ravager x2  
  100  13:46  Zergling x6  
  105  13:53  Hatchery  
  104  13:57  Drone  
  104  13:59  Overlord  
  104  14:00  Overlord  
  105  14:12  Overlord  
  105  14:13  Overlord  
Show
View Real Time Build Order
Export as new Build Order

romch Protoss 

Build Orders: Cannon Rush 

Get SALT Encoding   

  12  0:01  Probe  
  13  0:13  Probe  
  14  0:25  Probe  
  14  0:26  Pylon  
  15  0:44  Probe (Chrono Boost), Forge  
  16  0:55  Probe (Chrono Boost)  
  17  1:01  Pylon  
  17  1:05  Probe  
  17  1:10  Assimilator  
  18  1:20  Photon Cannon  
  18  1:23  Photon Cannon  
  18  1:26  Probe  
  18  1:31  Photon Cannon  
  19  1:38  Probe  
  20  1:47  Pylon  
  20  1:52  Photon Cannon  
  21  1:54  Probe  
  21  2:06  Probe  
  21  2:07  Photon Cannon  
  22  2:11  Pylon  
  22  2:21  Photon Cannon  
  22  2:29  Photon Cannon  
  22  2:40  Photon Cannon  
  22  2:55  Photon Cannon  
  22  2:57  Photon Cannon  
  22  2:59  Photon Cannon  
  22  3:00  Probe  
  23  3:20  Photon Cannon  
  23  3:26  Photon Cannon  
  23  3:46  Photon Cannon  
  23  3:49  Photon Cannon  
  23  3:51  Probe  
  23  3:54  Assimilator  
  24  3:58  Assimilator  
  24  4:04  Probe (Chrono Boost)  
  24  4:08  Pylon  
  24  4:09  Gateway  
  25  4:15  Probe (Chrono Boost)  
  26  4:24  Photon Cannon  
  26  4:27  Pylon  
  26  4:32  Probe, Photon Cannon  
  22  4:51  Probe  
  19  5:02  Photon Cannon  
  19  5:05  Cybernetics Core  
  19  5:06  Probe  
  20  5:16  Pylon  
  20  5:21  Probe (Chrono Boost)  
  21  5:33  Probe (Chrono Boost)  
  22  5:39  Probe (Chrono Boost)  
  23  5:43  Pylon  
  23  5:44  Photon Cannon  
  23  5:48  Probe  
  24  5:51  Pylon  
  24  6:00  Probe  
  25  6:05  Stalker  
  25  6:08  Warp Gate  
  25  6:09  Pylon  
  27  6:12  Probe (Chrono Boost)  
  28  6:24  Probe (Chrono Boost)  
  29  6:31  Nexus  
  29  6:34  Photon Cannon  
  29  6:41  Stalker  
  31  6:52  Stargate  
  31  7:00  Shield Battery  
  31  7:07  Probe  
  32  7:11  Stalker (Chrono Boost)  
  34  7:20  Probe  
  35  7:25  Assimilator  
  35  7:28  Assimilator  
  35  7:38  Stalker (Chrono Boost)  
  35  7:43  Robotics Facility  
  37  7:45  Probe  
  38  7:54  Probe (Chrono Boost)  
  38  7:58  Probe (Chrono Boost)  
  40  8:06  Probe (Chrono Boost)  
  40  8:10  Probe (Chrono Boost)  
  40  8:11  Oracle (Chrono Boost)  
  42  8:16  Probe (Chrono Boost)  
  42  8:18  Probe (Chrono Boost)  
  47  8:34  Immortal  
  51  8:41  Stalker  
  53  8:52  Void Ray  
  57  9:03  Probe x2  
  59  9:14  Zealot  
  61  9:35  Nexus  
  61  9:40  Pylon  
  61  9:49  Warp Prism  
  62  10:10  Void Ray (Chrono Boost)  
  59  10:26  Zealot  
  61  10:38  Gateway  
  61  10:40  Gateway  
  61  10:42  Gateway  
  61  10:46  Pylon  
  61  10:49  Pylon  
  61  10:52  Pylon  
  58  11:09  Nexus  
  55  11:12  Assimilator  
  55  11:16  Assimilator  
  55  11:17  Pylon  
  55  11:31  Pylon  
  55  11:35  Zealot, Pylon  
  57  11:43  Void Ray (Chrono Boost)  
  61  11:55  Zealot x4  
  69  12:01  Probe x2  
  71  12:13  Probe x2  
  63  12:18  Stalker x2  
  63  12:19  Stalker  
  64  12:25  Probe x2  
  64  12:27  Probe  
  55  12:37  Probe  
  55  12:38  Probe  
  55  12:40  Probe  
  55  12:41  Stalker  
  60  12:50  Probe x2  
  50  13:27  Zealot x2  
  50  13:28  Zealot x2  
  58  13:48  Twilight Council  
  58  13:51  Probe  
  58  13:53  Nexus, Fleet Beacon  
  58  13:55  Stalker  
  59  13:56  Stalker x2, Pylon  
  59  13:59  Pylon  
  63  14:11  Stalker  
  64  14:38  Stalker x2  
Tags
 
Add a new tag
Caveats
  • Supply blocks, unpowered buildings, or Contaminate may cause inaccurate times.
  • Supply counts are checked every 10 seconds.